 Dungeon Crawl Stone Soup version 0.29.0-5-ge4962eb29e (webtiles) character file.

Game seed: 9778643699912067362

331 xian the Chopper (level 6, -2/52 HPs)
             Began as a Hill Orc Gladiator on Aug 28, 2022.
             Slain by Duvessa
             ... wielding a +5 rapier of freezing
              (4 damage)
             ... on level 4 of the Dungeon.
             The game lasted 00:08:54 (3412 turns).

xian the Chopper (Hill Orc Gladiator)               Turns: 3412, Time: 00:08:54

Health: -2/52      AC: 12    Str: 25    XL:     6   Next: 52%
Magic:  6/6        EV: 10    Int:  8    God:
Gold:   123        SH:  5    Dex: 12    Spells: 5/5 levels left

rFire   + . .      SeeInvis .   a - +1 war axe
rCold   . . .      Faith    .   s - +2 buckler "Vusal" {rCorr Str+6 Stlth-}
rNeg    . . .      Spirit   .   u - +2 scale mail {rF+}
rPois   .          Reflect  .   c - +1 helmet
rElec   .          Harm     .   k - scarf {repulsion}
rCorr   +          Rampage  .   q - +0 pair of gloves
Will    .....                   (no boots)
Stlth   ..........              (no amulet)
HPRegen 0.17/turn               l - ring of flight
MPRegen 0.10/turn               j - ring of wizardry

@: lit by a corona, flying, glowing, repel missiles
A: no striking features
a: no special abilities


You were on level 4 of the Dungeon.
You visited 1 branch of the dungeon, and saw 4 of its levels.

You collected 123 gold pieces.

Inventory:

Hand Weapons
 a - a +1 war axe (weapon)
Missiles
 d - a throwing net (quivered)
 e - 7 javelins
Armour
 c - a +1 helmet (worn)
 k - a scarf of repulsion (worn)
 q - a +0 pair of gloves (worn)
 s - the +2 buckler "Vusal" (worn) {rCorr Str+6 Stlth-}
   (You found it on level 4 of the Dungeon)

   Str:       It affects your strength (+6).
   rCorr:     It protects you from acid and corrosion.
   Stlth:     It makes you less stealthy.
 u - a +2 scale mail of fire resistance (worn)
 v - a +0 cloak
Magical Staves
 m - a staff of conjuration
Jewellery
 j - a ring of wizardry (right hand)
 l - a ring of flight (left hand)
 t - a ring of fire
Scrolls
 b - a scroll of immolation
 f - a scroll of enchant weapon
 h - a scroll of fear
 i - a scroll of identify
 o - a scroll of teleportation
 w - a scroll of butterflies
Potions
 n - a potion of magic
 r - a potion of brilliance {unknown}


   Skills:
 * Level 4.1 Fighting
 + Level 6.2 Axes
 * Level 3.1 Throwing
 + Level 2.8 Armour
 + Level 2.6 Dodging
 + Level 0.1 Stealth
 + Level 0.4 Shields


You had 5 spell levels left.
You didn't know any spells.
Your spell library contained the following spells:

 Spells                   Type           Power      Damage    Failure   Level
 Magic Dart               Conj           0%         1d3       45%         1
 Sandblast                Erth           0%         2d4       45%         1
 Passwall                 Tmut/Erth      0%         N/A       61%         2
 Searing Ray              Conj           0%         2d4       61%         2
 Call Canine Familiar     Summ           0%         N/A       82%         3
 Portal Projectile        Hex/Tloc       0%         N/A       82%         3
 Stone Arrow              Conj/Erth      0%         3d7       82%         3
 Fulminant Prism          Conj/Hex       0%         3d6       99%         4
 Leda's Liquefaction      Hex/Erth       0%         N/A       99%         4


Dungeon Overview and Level Annotations

Branches:
Dungeon (4/15)
 Temple: D:4-7

Altars:

Annotations:
D:3 Digging Treasure Stash, 3 runed translucent doors, Adrian566's ghost, amateur DsFi
D:4 Duvessa


Message History

You slash Dowan!
Dowan is almost dead.
Duvessa struggles against the net.
You block Dowan's attack.
You closely miss Dowan.
Dowan is almost dead.
Duvessa struggles against the net.
Dowan smirks and points a slender finger.
You block Dowan's attack.
You barely miss Dowan.
Dowan is almost dead.
Duvessa struggles against the net.
Dowan hits you with a +0 dagger.
Duvessa struggles against the net.
Dowan hits you but does no damage.
You slash Dowan!
You kill Dowan!
Duvessa screams in rage.
Duvessa goes berserk!
Duvessa struggles against the net.
The net rips apart, and Duvessa comes free!
Things that are here:
a +0 dagger; a +0 robe Duvessa hits you with a +5 rapier of freezing!
Duvessa freezes you.
You barely miss Duvessa.
Duvessa hits you with a +5 rapier of freezing!
Duvessa freezes you!
* * * LOW HITPOINT WARNING * * *
You slash Duvessa!
Duvessa is lightly wounded.
Duvessa hits you with a +5 rapier of freezing.
* * * LOW HITPOINT WARNING * * *
Duvessa freezes you.
* * * LOW HITPOINT WARNING * * *
Duvessa hits you with a +5 rapier of freezing.
* * * LOW HITPOINT WARNING * * *
Duvessa freezes you.
* * * LOW HITPOINT WARNING * * *
You feel better.
Duvessa hits you with a +5 rapier of freezing!
* * * LOW HITPOINT WARNING * * *
Duvessa freezes you.
You die...

♣§♣§.(♣♣....... .....
♣§♣♣♣♣..♣..... ....♣
♣§♣♣..PP.###. ...♣.
♣♣§§♣P♣..#.#. ##♣ ♣♣
...♣♣.P♣♣)♣P..#)#. ..♣P.
.....♣.PP.........
##♣.♣.###...♣.PP.........P
#.(♣..#.#....♣P....8......
##..P♣.#'#@e.....(.........
.......)..)...P.P♣..8....♣.
...♣........#...♣♣P.P..♣..♣
♣P.....(...#....♣...♣♣♣.♣
♣.♣.#'#(....#..P♣..P. ♣♣.
♣♣..#.#.........♣♣P♣ ..P
♣.P.###.P........♣♣ .♣♣..
#.♣........#+#..... ..P♣
#..........# ....♣♣♣.P.♣


You could see Duvessa (berserk).

Vanquished Creatures
  Eustachio (D:4)
  Dowan (D:4)
  A hound (D:4)
  Terence (D:2)
  2 gnolls (D:4)
  An adder (D:3)
  2 worms (D:3)
  2 dart slugs (D:3)
  2 orcs (D:4)
  6 endoplasms
  A giant cockroach (D:2)
  5 hobgoblins
  2 jackals (D:1)
  4 quokkas
  2 ball pythons
  4 bats
  4 frilled lizards
  6 goblins
  9 kobolds
  3 rats
59 creatures vanquished.

Vanquished Creatures (others)
  40 plants (D:4)
40 creatures vanquished.

Grand Total: 99 creatures vanquished

Notes
Turn   | Place    | Note
-------+----------+-------------------------------------------
     0 | D:1      | xian the Hill Orc Gladiator began the quest for the Orb.
     0 | D:1      | Reached XP level 1. HP: 18/18 MP: 1/1
    48 | D:1      | You fall into a shaft and drop 1 floor!
   188 | D:1      | Reached XP level 2. HP: 5/25 MP: 2/2
   928 | D:2      | Reached XP level 3. HP: 16/30 MP: 3/3
  1454 | D:2      | Reached skill level 1 in Armour
  1493 | D:2      | Noticed Terence
  1506 | D:2      | Killed Terence
  1978 | D:2      | Reached XP level 4. HP: 38/38 MP: 4/4
  2629 | D:3      | Found a runed translucent gate.
  2629 | D:3      | Found a runed translucent gate.
  2629 | D:3      | Found a runed translucent gate.
  2691 | D:3      | Reached skill level 5 in Axes
  2760 | D:3      | Noticed Adrian566's ghost (amateur DsFi)
  2873 | D:4      | Noticed Duvessa
  2873 | D:4      | Noticed Dowan
  2927 | D:4      | Reached XP level 5. HP: 25/45 MP: 5/5
  3236 | D:4      | Identified the +2 buckler "Vusal" {rCorr Str+6 Stlth-}
  3360 | D:4      | Noticed Eustachio
  3372 | D:4      | Killed Eustachio
  3373 | D:4      | Reached skill level 6 in Axes
  3373 | D:4      | Reached XP level 6. HP: 49/52 MP: 6/6
  3407 | D:4      | Killed Dowan
  3411 | D:4      | HP: 2/52 [Duvessa/+5 rapier of freezing (5)]
  3412 | D:4      | Slain by Duvessa

Illustrated notes

Levels and vault maps discovered:
D:1:      sevenhm_arrival_forest_fort_small_6, layout_rooms,
          minmay_misc_feat_pillars
D:2:      layout_basic, uniq_terence
D:3:      layout_basic, gammafunk_ghost_icy, due_unseen_surprise
D:4:      wad_woods_settlement, layout_basic, uniq_eustachio, uniq_duvessa,
          uniq_crazy_yiuf_cottage

Skill      XL: |  1  2  3  4  5 |
---------------+----------------+-----
Throwing       | 2 3 |  3.1
Armour         | 1 2 |  2.8
Fighting       | 3 4 |  4.1
Axes           | 5 6 |  6.2
Dodging        | |  2.6
Stealth        | |  0.1
Shields        | |  0.4

Action                   |  1- 3 |  4- 6 || total
-------------------------+-------+-------++-------
Melee: War axe           |    73 |    91 ||   164
Throw: Dart              |     8 |     7 ||    15
       Throwing net      |       |     2 ||     2
  Use: Scroll            |       |    10 ||    10
       Potion            |       |     2 ||     2
Armor: Leather armour    |     9 |       ||     9
       Chain mail        |    30 |       ||    30
       Scale mail        |     2 |    40 ||    42
Dodge: Dodged            |    52 |    61 ||   113
       Repelled          |       |     1 ||     1
Block: Buckler           |       |     6 ||     6
